 Dungeon Crawl Stone Soup version 0.24-a0-524-gf43b32f898 (webtiles) character file.

Game seed: 1839740515333817808

4780 Mithandil the Thaumaturge (level 10, -5/53 HPs)
             Began as a Deep Elf Conjurer on July 30, 2019.
             Was an Initiate of Vehumet.
             Killed by miscasting Force Lance (7 damage)
             ... on level 9 of the Dungeon on July 31, 2019.
             The game lasted 01:30:39 (13627 turns).

Mithandil the Thaumaturge (Deep Elf Conjurer)      Turns: 13627, Time: 01:30:39

Health: -5/53      AC:  5    Str: 10    XL:     10   Next: 23%
Magic:  2/25       EV: 15    Int: 23    God:    Vehumet [......]
Gold:   1117       SH:  5    Dex: 17    Spells: 0/28 levels left

rFire    . . .     SeeInvis .   a - +6 dagger
rCold    . . .     Gourm    .   G - +0 buckler
rNeg     + . .     Faith    .   s - +2 leather armour
rPois    +         Spirit   .   (no helmet)
rElec    .         Reflect  .   (no cloak)
rCorr    +         Harm     .   (no gloves)
MR       +++..                  (no boots)
Stlth    ++++......             B - amulet "Qozitresu" {*Slow +Rage rPois rN+ Dex+2}
HPRegen  0.17/turn              g - ring of protection from magic
MPRegen  0.19/turn              w - ring "Marghao" {MR+ rCorr Str+2 Int+2 Stlth+}

@: very slightly contaminated
A: no striking features
a: Renounce Religion, Evoke Berserk Rage


You were on level 9 of the Dungeon.
You worshipped Vehumet.
Vehumet was noncommittal.
You were very hungry.

You visited 3 branches of the dungeon, and saw 13 of its levels.
You also visited: Bailey.

You collected 1117 gold pieces.

Inventory:

Hand Weapons
 a - a +6 dagger (weapon)
 o - a +0 short sword
 P - a +0 shortbow of freezing
Missiles
 b - 185 arrows
 d - 5 silver javelins
 n - 65 poisoned darts (quivered)
 E - 7 datura-tipped darts
 H - 8 atropa-tipped darts
 L - 42 boomerangs
Armour
 s - a +2 leather armour (worn)
 G - a +0 buckler (worn)
Magical Staves
 I - an uncursed staff of death
Jewellery
 f - an uncursed amulet of guardian spirit
 g - a ring of protection from magic (left hand)
 v - an uncursed ring of stealth
 w - the ring "Marghao" (right hand) {MR+ rCorr Str+2 Int+2 Stlth+}
   (You found it on level 5 of the Dungeon)

   [ring of resist corrosion]

   It affects your strength (+2).
   It affects your intelligence (+2).
   It affects your resistance to hostile enchantments.
   It provides partial protection from all sources of acid and corrosion.
   It makes you more stealthy.
 x - an uncursed ring of positive energy
 B - the amulet "Qozitresu" (around neck) {*Slow +Rage rPois rN+ Dex+2}
   (You found it on level 9 of the Dungeon)

   [amulet of rage]

   It affects your dexterity (+2).
   It protects you from poison.
   It protects you from negative energy.
   It lets you go berserk.
   It may slow you when you take damage.
 J - an uncursed ring of ice
 O - an uncursed amulet of the acrobat
Wands
 p - a wand of acid (16)
 u - a wand of disintegration (12)
 A - a wand of digging (5)
 F - a wand of random effects (4)
 M - a wand of iceblast (11)
Scrolls
 e - a scroll of identify
 h - 4 scrolls of remove curse
 i - 4 scrolls of teleportation
Potions
 j - a potion of degeneration {unknown}
 k - 3 potions of curing
 l - 5 potions of flight
 m - a potion of cancellation {unknown}
 q - a potion of mutation {unknown}
 r - a potion of ambrosia {unknown}
 t - a potion of brilliance {unknown}
 z - 3 potions of haste {unknown}
 C - a potion of might {unknown}
 D - a potion of magic {unknown}
Comestibles
 c - 6 rations


   Skills:
 + Level 1.9 Fighting
 * Level 4.2 Short Blades
 + Level 6.4 Dodging
 + Level 7.0 Stealth
 * Level 2.2 Shields
 * Level 9.7 Spellcasting
 * Level 9.0 Conjurations
 + Level 4.5 Hexes
 + Level 4.7 Translocations
 + Level 2.0 Fire Magic


You couldn't memorise any spells.
You knew the following spells:

 Your Spells              Type           Power        Failure   Level  Hunger
a - Throw Flame           Conj/Fire      #####.       1%          2    None
b - Flame Tongue          Conj/Fire      #####        1%          1    None
c - Searing Ray           Conj           ######       1%          2    None
d - Force Lance           Conj/Tloc      #####...     6%          4    ##.....
e - Iskenderun's Mystic   Conj           ######..     2%          4    ##.....
f - Conjure Flame         Conj/Fire      #####...     3%          3    None
i - Invisibility          Hex            ####....     93%         6    ######.
s - Dazzling Spray        Conj/Hex       #####.       1%          3    None
t - Blink                 Tloc           N/A          2%          2    None
z - Magic Dart            Conj           ####         1%          1    None

Your spell library contained the following spells:

 Spells                   Type           Power        Failure   Level  Hunger
 Slow                     Hex            ####....     2%          2    None
 Fulminant Prism          Conj/Hex       #####.....   6%          4    ##.....
 Inner Flame              Hex/Fire       ####....     8%          3    None
 Mephitic Cloud           Conj/Pois/Air  ####....     9%          3    None
 Sticky Flame             Conj/Fire      #####...     11%         4    ##.....
 Passage of Golubria      Tloc           N/A          14%         4    ##.....
 Call Imp                 Summ           ##......     16%         2    None
 Passwall                 Tmut/Erth      ##......     16%         2    None
 Swiftness                Chrm/Air       ##......     16%         2    None
 Fireball                 Conj/Fire      #####.....   28%         5    ####...
 Darkness                 Hex            ####......   93%         6    ######.
 Lee's Rapid Deconstruct  Erth           ##........   95%         5    ####...


Dungeon Overview and Level Annotations

Branches:
Dungeon (11/15)            Temple (1/1) D:7            Lair (1/6) D:8
    Orc: D:9-12

Altars:
Ashenzari
Cheibriados
Dithmenos
Elyvilon
Fedhas
Gozag
Hepliaklqana
Kikubaaqudgha
Makhleb
Nemelex Xobeh
Okawaru
Qazlal
Ru
Sif Muna
Trog
Uskayaw
Vehumet
Wu Jian
Xom
Yredelemnul
Zin
The Shining One

Shops:
D:5 !=**

Annotations:
D:2 Sigmund
Lair:1 Sonja


Message History

The crimson imp shouts!
The crimson imp blinks!
The worker ant misses you.
There is a stone staircase leading down here.
The worker ant barely misses you.
The worker ant bites you but does no damage.
The worker ant waves its antennae.
There is a stone staircase leading up, spattered with blood here.
The worker ant bites you.
* * * LOW HITPOINT WARNING * * *
You climb upwards.
There is a stone staircase leading down here.
Casting: Searing Ray (safe; 1% risk of failure)
Confirm with . or Enter, or press ? or * to list all spells.
Aiming: Force Lance (safe; 6% risk of failure)
Press: ? - help, Shift-Dir - straight line, f - worker ant
Aim: a worker ant You miscast Force Lance.
You are very lightly contaminated with residual magic.
A wave of violent energy washes through your body!
You die...

#.###..+.....#.......
#......#.....#.......
#......#...).#.......
#......#.....#.......
#......#.....#.......
#......#'#####....)..
#....................
#....................
#..a@......#####....#
#..........#####....#
#...................#
#....................
#........#+##########
#.#####..+...........
#.#####..#...........
#........#...........
#........#...........


You could see a worker ant.

Vanquished Creatures
  A hippogriff (D:9)
  2 yaks (D:10)
  A hungry ghost (D:8)
  2 ice beasts
  A black bear (D:8)
  5 orc warriors
  6 phantoms
  A necrophage (D:8)
  6 ogres
  A centaur (D:9)
  A big kobold (D:9)
  7 bullfrogs
  4 scorpions
  3 killer bees (D:7)
  A howler monkey (D:5)
  2 bullfrog zombies
  A crimson imp (D:8)
  A centaur skeleton (D:9)
  2 jellies
  2 bullfrog skeletons
  8 hounds
  2 orc priests
  8 orc wizards
  2 iguanas
  Ijyb (D:4)
  8 worker ants
  A howler monkey zombie (D:5)
  7 adders
  5 gnolls
  An adder skeleton (D:6)
  3 worms
  A dart slug (D:2)
  6 leopard geckos
  51 orcs
  9 bats
  6 giant cockroaches
  11 goblins
  16 hobgoblins
  16 jackals
  33 kobolds
  A quokka (D:5)
  6 frilled lizards
  A jackal skeleton (D:7)
  A quokka skeleton (D:4)
  A quokka zombie (D:5)
  8 rats
263 creatures vanquished.

Vanquished Creatures (others)
  A fungus (D:8)
1 creature vanquished.

Grand Total: 264 creatures vanquished

Notes
Turn   | Place    | Note
-------+----------+-------------------------------------------
     0 | D:1      | Mithandil the Deep Elf Conjurer began the quest for the
                  | Orb.
     0 | D:1      | Reached XP level 1. HP: 10/10 MP: 6/6
   210 | D:1      | Reached XP level 2. HP: 15/15 MP: 5/8
   215 | D:1      | Learned a level 2 spell: Searing Ray
   669 | D:1      | Reached XP level 3. HP: 12/19 MP: 0/10
  1245 | D:2      | Reached skill level 5 in Conjurations
  1328 | D:2      | Reached XP level 4. HP: 21/24 MP: 3/12
  1334 | D:2      | Learned a level 4 spell: Force Lance
  1339 | D:2      | Learned a level 4 spell: Iskenderun's Mystic Blast
  1706 | D:2      | Reached XP level 5. HP: 28/28 MP: 3/14
  2029 | D:2      | Noticed Sigmund
  2230 | D:2      | Reached skill level 5 in Spellcasting
  2639 | D:3      | Reached skill level 1 in Translocations
  2658 | D:3      | Reached XP level 6. HP: 22/32 MP: 0/16
  2925 | D:3      | Learned a level 3 spell: Dazzling Spray
  3286 | D:5      | Entered Level 5 of the Dungeon
  3600 | D:5      | Found Unah's Distillery.
  4580 | D:4      | You fall into a shaft and drop 1 floor!
  4605 | D:5      | Found Rirghamut's Assorted Antiques.
  4854 | D:5      | Noticed an orc warrior
  4950 | D:4      | Reached XP level 7. HP: 19/36 MP: 0/18
  5180 | D:5      | Noticed Ijyb
  5200 | D:4      | Killed Ijyb
  5840 | D:5      | Reached skill level 5 in Stealth
  6129 | D:5      | Got an ancient brass ring
  6134 | D:5      | Identified the ring "Marghao" {MR+ rCorr Str+2 Int+2
                  | Stlth+} (You found it on level 5 of the Dungeon)
  6180 | D:5      | Reached XP level 8. HP: 41/41 MP: 8/21
  6261 | D:5      | Learned a level 6 spell: Invisibility
  6286 | D:5      | Reached skill level 5 in Dodging
  6286 | D:5      | Reached skill level 1 in Hexes
  6306 | D:5      | Found Iwugoak's Jewellery Boutique.
  7000 | D:5      | Reached skill level 1 in Short Blades
  7208 | D:5      | Found Lotil's Assorted Antiques.
  7508 | D:6      | Found a burning altar of Makhleb.
  7582 | D:6      | Found a shadowy altar of Dithmenos.
  7830 | D:6      | Reached XP level 9. HP: 19/45 MP: 3/23
  8026 | D:6      | Found a basalt altar of Yredelemnul.
  8027 | D:6      | Found a bloodstained altar of Trog.
  8031 | D:6      | Found a sparkling altar of Nemelex Xobeh.
  9036 | D:7      | Found an ancient bone altar of Kikubaaqudgha.
  9153 | D:7      | Found a staircase to the Ecumenical Temple.
  9193 | D:7      | Reached skill level 1 in Fighting
  9355 | Temple   | Entered the Ecumenical Temple
  9502 | D:7      | Learned a level 3 spell: Conjure Flame
  9505 | D:7      | Learned a level 2 spell: Blink
 10098 | D:8      | Found a staircase to the Lair.
 10121 | Lair:1   | Entered Level 1 of the Lair of Beasts
 10122 | Lair:1   | Noticed Sonja
 10183 | D:8      | Reached skill level 1 in Shields
 10183 | D:8      | Reached skill level 1 in Fire Magic
 11376 | D:10     | Entered Level 10 of the Dungeon
 11396 | D:9      | Got a flickering bronze amulet
 11439 | D:10     | Found a flagged portal.
 11459 | Bailey   | Entered a bailey
 12340 | D:9      | Identified the amulet "Qozitresu" {*Slow +Rage rPois rN+
                  | Dex+2} (You found it on level 9 of the Dungeon)
 12441 | D:9      | Learned a level 2 spell: Throw Flame
 12449 | D:9      | Reached XP level 10. HP: 53/53 MP: 13/25
 13090 | D:9      | Upgraded the game from 0.24-a0-521-g122614bf49 to
                  | 0.24-a0-524-gf43b32f898
 13092 | D:9      | Learned a level 1 spell: Flame Tongue
 13095 | D:9      | Found a radiant altar of Vehumet.
 13107 | D:9      | Became a worshipper of Vehumet
 13625 | D:10     | HP: 1/53 [worker ant (5)]
 13627 | D:9      | Killed by miscasting Force Lance

Levels and vault maps discovered:
D:1:      dpeg_arrival_pits, layout_basic, corexii_corridor_pit
D:2:      layout_basic, uniq_sigmund
D:3:      layout_rooms
D:4:      layout_basic, first_ration
D:5:      wander_river, layout_basic, serial_shops, nicolae_shop_waterfront,
          nicolae_shop_statue_plus, shop, shop, uniq_ijyb
D:6:      layout_basic, grunt_dithmenos_shadows, kennysheep_mini_moat,
          nicolae_overflow_hidden_temple, corner_web_ring
D:7:      layout_loops_ring, kiku_gazebo_pond_becter, minmay_temple_entry_waves
D:8:      layout_basic, dpeg_oklobed_lair, special_room [special_room_orc]
D:9:      layout_stronghold, fiery_altar_vehumet
D:10:     layout_rooms, orc_0_dummy, special_room [special_room_bee],
          enter_bailey_3, basic_altar, minmay_misc_feat_four_crosses
D:11:     layout_loops_cross, uniq_harold, uniq_josephine
Temple:   eino_wide_crystal_templ
Lair:1:   layout_misc_corridors, fungi_pond_lemuel,
          chequers_serial_rivers_room_a, nicolae_lair_grove_arrangements,
          uniq_grum, uniq_sonja

Skill      XL: |  1  2  3  4  5  6  7  8  9 10 |
---------------+-------------------------------+-----
Stealth        | 3 4 5 6 7 |  7.0
Dodging        | 3 4 5 6 |  6.4
Spellcasting   | 4 5 6 7 8 9 |  9.7
Conjurations   | 5 6 7 8 9 |  9.0
Translocations | 1 2 3 4 |  4.7
Hexes          | 3 4 |  4.5
Short Blades   | 2 3 4 |  4.2
Fighting       | 1 |  1.9
Shields        | 1 2 |  2.2
Fire Magic     | 1 2 |  2.0

Action                   |  1- 3 |  4- 6 |  7- 9 | 10-12 || total
-------------------------+-------+-------+-------+-------++-------
Melee: Club              |     3 |       |       |       ||     3
       Dagger            |    13 |    29 |    78 |     2 ||   122
Throw: Dart              |       |       |     3 |       ||     3
 Cast: Magic Dart        |    40 |   121 |   333 |       ||   494
       Searing Ray       |    10 |    30 |    67 |     5 ||   112
       Force Lance       |       |     6 |    10 |     1 ||    17
       Iskenderun's Myst |       |     1 |     7 |       ||     8
       Throw Flame       |       |       |     5 |    47 ||    52
       Flame Tongue      |       |       |       |     1 ||     1
Evoke: Wand              |       |       |     2 |       ||     2
  Use: Scroll            |     2 |     4 |    20 |     3 ||    29
       Potion            |       |       |     3 |       ||     3
 Stab: Sleeping          |       |       |       |     1 ||     1
  Eat: Chunk             |     1 |    13 |    20 |     1 ||    35
       Ration            |       |       |     2 |       ||     2
Armor: Robe              |     5 |     1 |       |       ||     6
       Leather armour    |       |    10 |    44 |     4 ||    58
Dodge: Dodged            |    19 |    37 |   157 |    10 ||   223
Block: Buckler           |       |       |    13 |     5 ||    18

Table legend:
 A = Non-vault XP
 B = Vault XP
 C = Vault XP percentage of total XP
 D = Non-vault monster count
 E = Vault monster count
 F = Vault count percentage of total count
                 A         B        C        D         E       F
            +---------+---------+-------+---------+---------+-------
      Total |    5977 |     852 |  12.5 |     206 |      57 |  21.7
            +---------+---------+-------+---------+---------+-------
        D:1 |      48 |       0 |   0.0 |      29 |       0 |   0.0
        D:2 |     195 |       0 |   0.0 |      29 |       0 |   0.0
        D:3 |     231 |       0 |   0.0 |      29 |       0 |   0.0
        D:4 |     305 |      36 |  10.6 |      23 |       1 |   4.2
        D:5 |    1447 |       0 |   0.0 |      32 |       0 |   0.0
        D:6 |     436 |     121 |  21.7 |       7 |       1 |  12.5
        D:7 |    1093 |       0 |   0.0 |      28 |       0 |   0.0
        D:8 |     645 |     237 |  26.9 |       8 |      24 |  75.0
        D:9 |    1176 |       0 |   0.0 |      18 |       0 |   0.0
       D:10 |     401 |       8 |   2.0 |       3 |       4 |  57.1
     Bailey |       0 |     450 | 100.0 |       0 |      27 | 100.0
            +---------+---------+-------+---------+---------+-------
